 Dungeon Crawl Stone Soup version 0.32-a0-30-gefbe487952 (webtiles) character file.

Game seed: 17529016972428977340

37 Drazool the Caller (level 3, 0/21 HPs)
             Began as an Octopode Summoner on Jan 19, 2024.
             Slain by an orc
             ... wielding a +2 whip of electrocution
              (18 damage)
             ... on level 3 of the Dungeon.
             The game lasted 00:07:26 (1930 turns).

Drazool the Caller (Octopode Summoner)              Turns: 1930, Time: 00:07:26

Health: 0/21       AC:  5    Str:  7    XL:     3   Next: 39%
Magic:  3/6        EV: 13    Int: 19    God:
Gold:   103        SH:  0    Dex: 12    Spells: 0/6 levels left

rFire   . . .        (no weapon)
rCold   . . .        (no shield)
rNeg    . . .        (helmet restricted)
rPois   .            (no amulet)
rElec   .            T - +4 ring of protection
rCorr   .            (no ring)
SInv    .            (no ring)
Will    .....        (no ring)
Stlth   +++          (no ring)
HPRegen 0.23/turn    (no ring)
MPRegen 0.10/turn    (no ring)
                     (no ring)

%: no passive effects
@: inugami summoned
A: almost no armour, amphibious, 8 rings, camouflage 1, gelatinous body 1,
(nimble swimmer 1), tentacles
a: no special abilities


You were on level 3 of the Dungeon.
You visited 1 branch of the dungeon, and saw 3 of its levels.

You collected 103 gold pieces.


Innate Abilities, Weirdness & Mutations

You cannot wear most types of armour.
You are amphibious.
You can wear up to eight rings at the same time.
Your skin changes colour to match your surroundings (Stealth+).
Your rubbery body absorbs attacks. (AC +1, EV +1)
((You are camouflaged when in or above water. (Stealth+)))
You have tentacles for arms and can constrict up to eight enemies at once.


   Skills:
 - Level 2.0 Dodging
 - Level 2.6 Stealth
 - Level 2.0 Spellcasting
 + Level 5.1 Summonings


You couldn't memorise any spells.
You knew the following spells:

 Your Spells              Type           Power      Damage    Failure   Level
c - Call Imp              Summ           42%        N/A       3%          2
f - Call Canine Familiar  Summ           21%        N/A       6%          3
z - Summon Small Mammal   Summ           84%        N/A       1%          1

Your spell library contained the following spells:

 Spells                   Type           Power      Damage    Failure   Level
 Lesser Beckoning         Tloc           2%         N/A       26%         2
 Gell's Gravitas          Tloc           1%         N/A       45%         3
 Teleport Other           Tloc           1%         N/A       45%         3
 Summon Blazeheart Golem  Fire/Summ      11%        N/A       52%         4
 Summon Lightning Spire   Summ/Air       11%        N/A       52%         4

Inventory:

Magical Staves
 i - a staff of alchemy {!a}
Jewellery
 T - a +4 ring of protection (left tentacle)
Scrolls
 b - 2 scrolls of blinking {unknown}
 d - 3 scrolls of identify {unknown}
 f - 3 scrolls of enchant armour {unknown}
 g - a scroll of butterflies {unknown}
 h - 2 scrolls of immolation {unknown}
 j - a scroll of amnesia {unknown}
Potions
 a - a potion of magic
 c - a potion of resistance {unknown}
 e - 2 potions of curing {unknown}

Dungeon Overview and Level Annotations

Branches:
Dungeon (3/15)

Altars:
Yredelemnul

. .. ...
....... .......
# #####.......
#. #..@b.......
#. #.##oh.†....
#..#.##.b......
#..#.##........
#...<#..#+####
##.#.##.#
#.......#
#..#.#..#
#..#.#..#


You could see an orc (ally target), a bat (ally target), a friendly inugami
(summoned) and a friendly bat (summoned).


Message History

Done exploring.
There is a stone staircase leading down here.
You climb downwards.
There is a stone staircase leading up here.
An orc and a rat come into view.
The orc is wielding a +2 whip of electrocution.
There is a stone staircase leading up here.
Casting: Summon Small Mammal (safe; 1% risk of failure)
Confirm with . or Enter, or press ? or * to list all spells.
You call for your canine familiar and it appears with a howl!
The orc shouts!
A bat comes into view.
Your bat hits the rat. Your inugami hits the rat.
The rat dies!
You tentacle-slap the orc but do no damage.
Your grab misses the orc. Your bat hits the bat. The orc closely misses you.
You tentacle-slap the orc but do no damage.
Your grab misses the orc. The bat hits you but does no damage.
Your bat hits the bat. The orc completely misses you.
Your bat closely misses the orc.
Your inugami barely misses the orc.
The bat barely misses your bat.
You tentacle-slap the orc. You grab the orc.
The orc is lightly wounded.
You constrict the orc, but do no damage.
The bat misses your bat.
Your bat barely misses the bat.
The bat hits your inugami but does no damage.
The orc hits you with a +2 whip of electrocution.
You are electrocuted!!
Ouch! That really hurt!
You die...

Skill      XL: |  1  2  3 |
---------------+----------+-----
Summonings     | 5 |  5.1
Dodging        | |  2.0
Stealth        | |  2.6
Spellcasting   | |  2.0

Action                     || total
---------------------------++-------
  Melee: Unarmed           ||    10
         Constrict         ||     4
         Tentacles         ||     1
   Cast: Summon Small Mamm ||    46
         Call Imp          ||     9
         Call Canine Famil ||     2
   Stab: Distracted        ||     1
         Sleeping          ||     1
 Armour: Skin              ||     7
  Dodge: Dodged            ||     9

Levels and vault maps discovered:
D:1:      eino_arrival_water_star, layout_rooms
D:2:      layout_loops_corners, basic_altar
D:3:      layout_basic

Notes
Turn   | Place    | Note
-------+----------+-------------------------------------------
     0 | D:1      | Drazool the Octopode Summoner began the quest for the Orb.
     0 | D:1      | Reached XP level 1. HP: 11/11 MP: 3/3
   230 | D:1      | Reached XP level 2. HP: 17/17 MP: 0/5
   604 | D:1      | Learned a level 2 spell: Call Imp
   856 | D:2      | Reached XP level 3. HP: 21/21 MP: 1/6
   864 | D:1      | Learned a level 3 spell: Call Canine Familiar
  1003 | D:2      | Reached skill level 5 in Summonings
  1121 | D:2      | Found a basalt altar of Yredelemnul.
  1930 | D:3      | Slain by an orc

Vanquished Creatures
  An endoplasm (D:1)
  A goblin (D:2)
  A bat (D:1)
  A frilled lizard (D:2)
4 creatures vanquished.

Vanquished Creatures (collateral kills)
  2 ribbon worms (D:2)
  A ball python (D:1)
  3 bats
  2 endoplasms (D:1)
  A giant cockroach (D:2)
  3 goblins
  3 hobgoblins (D:1)
  A quokka (D:2)
  2 frilled lizards (D:1)
  2 kobolds
  8 rats
28 creatures vanquished.

Grand Total: 32 creatures vanquished

Table legend: (Time is in decaauts)
 A = Elapsed time spent in this place.
 B = Non-inter-level travel time spent in this place.
 C = Inter-level travel time spent in this place.
 D = Time resting spent in this place.
 E = Time spent auto-exploring this place.
 F = Levels seen in this place.
 G = Mean time per level.
                   A        B        C        D        E       F      G
               +--------+--------+--------+--------+--------+-----+--------+
         Total |   1930 |   1899 |     31 |     38 |   1548 |   3 |  643.3 |
       Dungeon |   1930 |   1899 |     31 |     38 |   1548 |   3 |  643.3 |
               +--------+--------+--------+--------+--------+-----+--------+

Top non-repeatable levels by time:
     D:2: 1020 daAuts
     D:1: 884 daAuts
     D:3: 25 daAuts

Table legend:
 A = Non-vault XP
 B = Vault XP
 C = Vault XP percentage of total XP
 D = Non-vault monster count
 E = Vault monster count
 F = Vault count percentage of total count
                 A         B        C        D         E       F
            +---------+---------+-------+---------+---------+-------
      Total |      53 |       0 |   0.0 |      32 |       0 |   0.0
            +---------+---------+-------+---------+---------+-------
        D:1 |      29 |       0 |   0.0 |      20 |       0 |   0.0
        D:2 |      23 |       0 |   0.0 |      11 |       0 |   0.0
        D:3 |       1 |       0 |   0.0 |       1 |       0 |   0.0
            +---------+---------+-------+---------+---------+-------
